 Dungeon Crawl Stone Soup version 0.30-a0-1066-g63dfefce0d (webtiles) character file.

Game seed: 12588145297263044759

144 GigaChad the Conjurer (level 5, 5/28 HPs) *EXPLORE*
             Began as a Deep Elf Conjurer on Apr 12, 2023.
             Was an Initiate of Gozag.
             Quit the game on level 3 of the Dungeon.
             The game lasted 00:05:43 (2632 turns).

GigaChad the Conjurer (Deep Elf Conjurer)           Turns: 2632, Time: 00:05:44

Health: 5/28       AC:  2    Str:  6    XL:     5   Next: 5%
Magic:  9/13       EV: 12    Int: 23    God:    Gozag
Gold:   68         SH:  0    Dex: 13    Spells: 5/12 levels left

rFire   . . .      SeeInvis .    (no weapon)
rCold   . . .      Faith    .    (no shield)
rNeg    . . .      Spirit   .    a - +0 robe
rPois   .          Reflect  .    (no helmet)
rElec   .          Rampage  .    (no cloak)
rCorr   .                        (no gloves)
Will    .....                    (no boots)
Stlth   ++                       (no amulet)
HPRegen 0.24/turn                k - ring of wizardry
MPRegen 0.13/turn                (no ring)

@: no status effects
A: no striking features
a: Renounce Religion, Potion Petition, Call Merchant, Bribe Branch


You were on level 3 of the Dungeon.
You worshipped Gozag.
Gozag was noncommittal.
You visited 1 branch of the dungeon, and saw 3 of its levels.

You collected 84 gold pieces.
You paid 16 gold pieces to Gozag.

Inventory:

Missiles
 c - a throwing net
Armour
 a - a +0 robe (worn)
Jewellery
 k - a ring of wizardry (left hand)
Scrolls
 d - a scroll of enchant armour {unknown}
 f - a scroll of identify {unknown}
 h - 2 scrolls of teleportation {unknown}
 l - 2 scrolls of immolation {unknown}
 n - a scroll of brand weapon {unknown}
Potions
 b - a potion of magic
 e - a potion of curing {unknown}
 g - a potion of might {unknown}
 i - a potion of degeneration {unknown}
 j - 2 potions of invisibility {unknown}
 m - 2 potions of brilliance {unknown}


   Skills:
 + Level 0.1 Fighting
 + Level 2.8 Dodging
 + Level 2.6 Stealth
 * Level 4.4 Spellcasting
 + Level 5.7 Conjurations
 * Level 1.9 Translocations


You had 5 spell levels left.
You knew the following spells:

 Your Spells              Type           Power      Damage    Failure   Level
a - Magic Dart            Conj           100%       1d8       1%          1
b - Searing Ray           Conj           62%        2d6       1%          2
c - Momentum Strike       Conj/Tloc      44%        3d9       1%          2
d - Blink                 Tloc           26%        N/A       2%          2

Your spell library contained the following spells:

 Spells                   Type           Power      Damage    Failure   Level
 Apportation              Tloc           26%        N/A       1%          1
 Lesser Beckoning         Tloc           26%        N/A       2%          2
 Necrotise                Necr           20%        1d5       4%          1
 Summon Small Mammal      Summ           20%        N/A       4%          1
 Dazzling Flash           Conj/Hex       36%        N/A       4%          3
 Iskenderun's Mystic Bla  Conj/Tloc      22%        2d6       9%          4
 Fulminant Prism          Conj/Hex       9%         3d6       12%         4


Dungeon Overview and Level Annotations

Branches:
Dungeon (3/15)

Altars:
Gozag


Message History

There is an opulent altar of Gozag here.
There is an open door here.
There is a stone staircase leading down here.
Found a whip.
You can't see any susceptible monsters within range! (Use Z to cast anyway.)
Found a stone staircase leading up.
You can't see any susceptible monsters within range! (Use Z to cast anyway.)
A black bear comes into view.
The magic dart hits the black bear.
The black bear is lightly wounded.
The black bear growls angrily.
A black bear is nearby!
The magic dart hits the black bear.
The black bear is moderately wounded.
The magic dart hits the black bear.
The black bear is moderately wounded.
The black bear barely misses you. The black bear claws you.
The black bear claws you but does no damage.
The magic dart hits the black bear.
The black bear is heavily wounded.
The black bear bites you. The black bear claws you. x2
The magic dart hits the black bear.
The black bear is heavily wounded.
The black bear bites you. The black bear closely misses you.
The black bear claws you.
You are too injured to fight recklessly!
You are too injured to fight recklessly!
You are too injured to fight recklessly!
The black bear misses you. The black bear closely misses you.
The black bear claws you.
The black bear bites you but does no damage.
The black bear claws you. The black bear closely misses you.
You hit the black bear but do no damage.
The black bear is heavily wounded.
The black bear bites you.
* * * LOW HITPOINT WARNING * * *
The black bear claws you.
* * * LOW HITPOINT WARNING * * *
The black bear closely misses you.
Are you sure you want to abandon this character and quit the game? (Confirm with "yes".)

### #######<###
..........#
#########.#.#
#.h@......#.#
#.#########.#
#.#.........#
#.#.################
#.#.# #..........#
#.#.# #..........#
..#.# ##..........#
###.# #>^.........#
#.####.###+##....#


You could see a black bear.

Vanquished Creatures
  Terence (D:2)
  A gnoll (D:2)
  5 adders
  3 worms
  2 dart slugs
  3 ball pythons
  4 bats
  7 endoplasms
  2 giant cockroaches (D:1)
  4 hobgoblins
  5 jackals (D:2)
  2 kobolds
  A quokka (D:3)
  5 frilled lizards
  2 goblins
  3 rats
50 creatures vanquished.

Notes
Turn   | Place    | Note
-------+----------+-------------------------------------------
     0 | D:1      | GigaChad the Deep Elf Conjurer began the quest for the Orb.
     0 | D:1      | Reached XP level 1. HP: 10/10 MP: 6/6
   400 | D:1      | Reached XP level 2. HP: 15/15 MP: 6/8
   647 | D:1      | Learned a level 2 spell: Searing Ray
   650 | D:1      | Learned a level 2 spell: Momentum Strike
   653 | D:1      | Learned a level 2 spell: Blink
   682 | D:1      | Reached skill level 5 in Conjurations
   824 | D:1      | Entered explore mode.
   897 | D:2      | Reached XP level 3. HP: 19/19 MP: 4/9
   966 | D:2      | Noticed Terence
   978 | D:2      | Killed Terence
  1328 | D:2      | Reached skill level 1 in Translocations
  1465 | D:2      | Reached XP level 4. HP: 23/24 MP: 5/11
  1645 | D:2      | Found a faded altar of an unknown god.
  1907 | D:2      | HP: 1/24 [gnoll/+0 club (2)]
  1908 | D:2      | Slain by a gnoll
                  | ... wielding a +0 club
                  | (1 damage)
  1920 | D:2      | HP: 1/24 [gnoll/+0 club (4)]
  1921 | D:2      | Slain by a gnoll
                  | ... wielding a +0 club
                  | (6 damage)
  1935 | D:2      | Slain by a gnoll
                  | ... wielding a +0 club
                  | (6 damage)
  2368 | D:3      | Reached XP level 5. HP: 28/28 MP: 7/13
  2480 | D:3      | Found an opulent altar of Gozag.
  2487 | D:3      | Became a worshipper of Gozag Ym Sagoz the Greedy
  2622 | D:3      | Noticed a black bear
  2632 | D:3      | Quit the game

Illustrated notes

Levels and vault maps discovered:
D:1:      evilmike_arrival_crescent, layout_loops_ring
D:2:      layout_rooms, ebering_ecumenical_altar_petrified,
          cheibrodos_gnoll_hut, uniq_terence
D:3:      layout_basic, mainiacjoe_overflow_six_doors_small,
          nicolae_tso_besieged_by_evil, chequers_temple_overflow_minitemple

Skill      XL: |  1  2  3  4 |
---------------+-------------+-----
Conjurations   | 5 |  5.7
Translocations | 1 |  1.9
Spellcasting   | 4 |  4.4
Fighting       | |  0.1
Dodging        | |  2.8
Stealth        | |  2.6

Action                     |  1- 3 |  4- 6 || total
---------------------------+-------+-------++-------
  Melee: Unarmed           |     1 |    37 ||    38
   Cast: Magic Dart        |    65 |    68 ||   133
 Armour: Robe              |     2 |     4 ||     6
  Dodge: Dodged            |     6 |    22 ||    28

Table legend: (Time is in decaauts)
 A = Elapsed time spent in this place.
 B = Non-inter-level travel time spent in this place.
 C = Inter-level travel time spent in this place.
 D = Time resting spent in this place.
 E = Time spent auto-exploring this place.
 F = Levels seen in this place.
 G = Mean time per level.
                   A        B        C        D        E       F      G
               +--------+--------+--------+--------+--------+-----+--------+
         Total |   2632 |   2600 |     32 |    278 |   1960 |   3 |  877.3 |
       Dungeon |   2632 |   2600 |     32 |    278 |   1960 |   3 |  877.3 |
               +--------+--------+--------+--------+--------+-----+--------+

Top non-repeatable levels by time:
     D:2: 1340 daAuts
     D:1: 842 daAuts
     D:3: 449 daAuts
